 Dungeon Crawl Stone Soup version 0.25.1-8-g42b30a86e7 (webtiles) character file.

Game seed: 9857075377277526219

98 Clowwww the Skirmisher (level 4, -4/40 HPs)
             Began as a Hill Orc Fighter on Dec 5, 2020.
             Slain by Sigmund
             ... wielding a +0 scythe
              (8 damage)
             ... on level 3 of the Dungeon.
             The game lasted 00:03:28 (2640 turns).

Clowwww the Skirmisher (Hill Orc Fighter)           Turns: 2640, Time: 00:03:28

Health: -4/40      AC:  7    Str: 19    XL:     4   Next: 69%
Magic:  4/4        EV:  7    Int:  8    God:
Gold:   132        SH:  9    Dex: 10    Spells: 3/3 levels left

rFire    . . .     SeeInvis .   a - +0 war axe
rCold    . . .     Gourm    .   c - +0 kite shield
rNeg     . . .     Faith    .   b - +0 scale mail
rPois    .         Spirit   .   (no helmet)
rElec    .         Reflect  .   (no cloak)
rCorr    .         Harm     .   (no gloves)
MR       .....                  (no boots)
Stlth    ..........             (no amulet)
HPRegen  0.13/turn              (no ring)
MPRegen  0.09/turn              (no ring)

@: mighty
A: no striking features
a: no special abilities


You were on level 3 of the Dungeon.
You were not hungry.

You visited 1 branch of the dungeon, and saw 3 of its levels.

You collected 132 gold pieces.

Inventory:

Hand Weapons
 a - a +0 war axe (weapon)
Missiles
 h - 4 boomerangs (quivered)
Armour
 b - a +0 scale mail (worn)
 c - a +0 kite shield (worn)
Scrolls
 e - 2 scrolls of immolation {unknown}
 i - 2 scrolls of fear {unknown}
 k - a scroll of teleportation {unknown}
 l - a scroll of amnesia {unknown}
 m - 2 scrolls of enchant weapon {unknown}
 o - a scroll of enchant armour {unknown}
 p - 2 scrolls of identify {unknown}
Potions
 g - a potion of curing {unknown}
 j - 2 potions of berserk rage {unknown}
 n - a potion of flight {unknown}
 q - a potion of heal wounds {unknown}
Comestibles
 f - 4 rations
 r - 4 chunks of flesh


   Skills:
 + Level 4.2 Fighting
 + Level 4.1 Axes
 + Level 4.0 Armour
 + Level 0.5 Dodging
 + Level 4.0 Shields


You had 3 spell levels left.
You didn't know any spells.
Your spell library was empty.

Dungeon Overview and Level Annotations

Branches:
Dungeon (3/15)

Altars:
Cheibriados
Dithmenos
Fedhas
Ru

Annotations:
D:3 Sigmund


Message History

You barely miss Sigmund. Sigmund barely misses you.
You barely miss Sigmund. Sigmund casts a spell at you.
You are confused.
Sigmund hits you with a +0 scythe.
You bump into the rock wall.
Your shield and scale mail prevent you from hitting Sigmund.
Sigmund hits you with a +0 scythe!
You're too confused to move!
Sigmund casts a spell at you. The puff of flame hits you!
* * * LOW HITPOINT WARNING * * *
You feel very mighty all of a sudden.
You feel less confused. Sigmund barely misses you.
You barely miss Sigmund. Sigmund hits you with a +0 scythe!
* * * LOW HITPOINT WARNING * * *
You slice Sigmund!!
Sigmund is heavily wounded.
Sigmund hits you with a +0 scythe!
You die...

#.# #######.# #.......#
#######.###########
...................
#######.########### .
#...##............
....###...#####........#
?.....@@......'........#
.?..###########........#
.. #........# #........#
#........# ###.#+#'##
#.#.#.## #.#<....
#.######


You could see Sigmund.

Vanquished Creatures
  3 adders (D:2)
  A worm (D:3)
  3 dart slugs (D:2)
  2 leopard geckos (D:2)
  6 orcs (D:3)
  2 giant cockroaches (D:1)
  5 goblins
  4 hobgoblins
  7 jackals (D:2)
  5 kobolds
  A quokka (D:2)
  5 bats
  3 frilled lizards (D:1)
  3 rats
50 creatures vanquished.

Notes
Turn   | Place    | Note
-------+----------+-------------------------------------------
     0 | D:1      | Clowwww the Hill Orc Fighter began the quest for the Orb.
     0 | D:1      | Reached XP level 1. HP: 19/19 MP: 1/1
   198 | D:1      | Reached XP level 2. HP: 27/27 MP: 2/2
   769 | D:2      | Reached XP level 3. HP: 33/33 MP: 3/3
  1379 | D:2      | Reached XP level 4. HP: 38/40 MP: 4/4
  1593 | D:2      | Found a blossoming altar of Fedhas.
  1596 | D:2      | Found a shadowy altar of Dithmenos.
  1599 | D:2      | Found a sacrificial altar of Ru.
  2180 | D:3      | Found a snail-covered altar of Cheibriados.
  2624 | D:3      | Noticed Sigmund
  2640 | D:3      | Slain by Sigmund

Illustrated notes

Levels and vault maps discovered:
D:1:      minmay_arrival_plants_in_alcoves, layout_loops_ring, st_stairs_9
D:2:      layout_basic, grunt_temple_overflow_diamond
D:3:      minmay_wonky_spiral, layout_basic, old_standard_altar, first_ration,
          patterned_corridor, uniq_sigmund

Skill      XL: |  1  2  3  4 |
---------------+-------------+-----
Fighting       | 4 |  4.2
Axes           | 3 4 |  4.1
Armour         | 4 |  4.0
Shields        | 4 |  4.0
Dodging        | |  0.5

Action                   |  1- 3 |  4- 6 || total
-------------------------+-------+-------++-------
Melee: War axe           |   123 |    78 ||   201
Throw: Boomerang         |       |     1 ||     1
  Use: Potion            |       |     1 ||     1
  Eat: Chunk             |     2 |     4 ||     6
Armor: Scale mail        |    57 |    29 ||    86
Dodge: Dodged            |    37 |    26 ||    63
Block: Kite shield       |    66 |    41 ||   107
